[Event "Cellavision Cup 2018"]
[Site "Lund"]
[Date "2018.08.04"]
[Round "6"]
[White "Nordebrink, Johan"]
[Black "Ahlander, Bjorn"]
[Result "0-1"]
[ECO "B22"]
[WhiteElo "2146"]
[BlackElo "2433"]
[Annotator "NA"]
[PlyCount "52"]
[EventDate "2018.08.03"]
[EventType "swiss"]
[EventCountry "SWE"]
[SourceTitle "playchess.com"]
[Source "ChessBase"]
[SourceQuality "1"]
[TimeControl "5400+30"]

1. e4 c5 2. c3 d5 3. exd5 Qxd5 4. d4 Nf6 5. Nf3 e6 6. Na3 Nc6 7. Be3 cxd4 8. Nb5 Qd8 9. Nbxd4 Nd5 10. Nxc6 bxc6 11. Bd4 f6 12. Bc4 Bd6 13. O-O O-O 14. Re1 Qc7 15. Bb3 c5 16. Bxd5 exd5 17. Bxf6 gxf6 18. Qxd5+ Kg7 19. Rad1 Bf4 20. Re4 Rb8 21. Qc4 Bd6 22. Rh4 Rb6 23. Qd3 Kg8 24. Qe4 Qf7 25. Rd5 Qg6 26. Nd2 Re8 0-1

[Event "Cellavision Cup 2018"]
[Site "Lund"]
[Date "2018.08.05"]
[Round "7"]
[White "Hillarp Persson, Tiger"]
[Black "Maiorov, Nikita"]
[Result "1-0"]
[ECO "A07"]
[WhiteElo "2542"]
[BlackElo "2504"]
[Annotator "ChessBase"]
[PlyCount "85"]
[EventDate "2018.08.03"]
[EventType "swiss"]
[EventCountry "SWE"]
[SourceTitle "playchess.com"]
[Source "ChessBase"]
[SourceQuality "1"]
[TimeControl "5400+30"]

1. Nf3 Nf6 2. g3 d5 3. Bg2 c6 4. O-O Bg4 5. h3 Bh5 6. d3 e6 7. c4 Nbd7 8. cxd5 exd5 9. Nc3 Bc5 10. Qb3 Nb6 11. Qc2 O-O 12. e4 dxe4 13. dxe4 Nfd7 14. Kh2 f6 15. b3 Re8 16. Bb2 Qc7 17. Nh4 Bf8 18. Nb5 Qb8 19. Nd4 a5 20. f4 a4 21. Kh1 axb3 22. axb3 Rxa1 23. Bxa1 Bf7 24. Nhf5 c5 25. Nb5 c4 26. bxc4 Nxc4 27. Qc3 Qc8 28. Rd1 Rd8 29. Kh2 Qc6 30. Nbd4 Qa4 31. Nc2 Ra8 32. e5 fxe5 33. fxe5 Ndxe5 34. Nce3 Qa3 35. Qd4 Nxe3 36. Nh6+ Kh8 37. Qxe5 Bc4 38. Bb2 Qa4 39. Rd4 Re8 40. Rxc4 Nxc4 41. Nf7+ Kg8 42. Nh6+ Kh8 43. Qd5 1-0

[Event "Cellavision Cup 2018"]
[Site "Lund"]
[Date "2018.08.05"]
[Round "7"]
[White "Sivuk, Vitaly"]
[Black "Sumets, Andrey"]
[Result "1/2-1/2"]
[ECO "A06"]
[WhiteElo "2535"]
[BlackElo "2575"]
[Annotator "ChessBase"]
[PlyCount "100"]
[EventDate "2018.08.03"]
[EventType "swiss"]
[EventCountry "SWE"]
[SourceTitle "playchess.com"]
[Source "ChessBase"]
[SourceQuality "1"]
[TimeControl "5400+30"]

1. Nf3 d5 2. g3 Nf6 3. Bg2 e6 4. c4 Be7 5. d4 O-O 6. Nc3 c6 7. Qd3 b6 8. O-O Ba6 9. b3 b5 10. cxb5 cxb5 11. Nxb5 Qb6 12. a4 Nc6 13. Bd2 Ne4 14. Rfc1 Nxd2 15. Qxd2 Bxb5 16. axb5 Qxb5 17. Qc2 Na5 18. Bf1 Bd8 19. Ra3 Bb6 20. Qc3 Nb7 21. e3 Qe8 22. Ba6 Nd6 23. Ra2 f6 24. Qb4 Qe7 25. Rc6 Rfd8 26. Rac2 Rab8 27. Qa3 Nf5 28. Qc1 Rd6 29. Bd3 Rxc6 30. Rxc6 Nd6 31. Qc2 g6 32. Nh4 Nf7 33. Ng2 Nd8 34. Rc3 Ba5 35. Rc8 Rxc8 36. Qxc8 Qc7 37. Ba6 Qxc8 38. Bxc8 g5 39. h4 h6 40. Kf1 Kf7 41. Ke2 Ke7 42. Ba6 Nf7 43. hxg5 hxg5 44. g4 Nd6 45. f3 Kd7 46. Bd3 Bc3 47. Bh7 Nb7 48. Kd3 Bb4 49. e4 dxe4+ 50. Bxe4 Nd6 1/2-1/2

[Event "Cellavision Cup 2018"]
[Site "Lund"]
[Date "2018.08.05"]
[Round "7"]
[White "Hector, Jonny"]
[Black "Urkedal, Frode Olav Olsen"]
[Result "1-0"]
[ECO "C55"]
[WhiteElo "2491"]
[BlackElo "2537"]
[Annotator "ChessBase"]
[PlyCount "119"]
[EventDate "2018.08.03"]
[EventType "swiss"]
[EventCountry "SWE"]
[SourceTitle "playchess.com"]
[Source "ChessBase"]
[SourceQuality "1"]
[TimeControl "5400+30"]

1. e4 e5 2. Nf3 Nc6 3. Bc4 Nf6 4. d4 exd4 5. e5 d5 6. Bb5 Nd7 7. O-O Be7 8. Bxc6 bxc6 9. Nxd4 Nb8 10. Nc3 O-O 11. Qh5 Re8 12. Rd1 Qd7 13. Be3 Bf8 14. h3 c5 15. Nf3 d4 16. Bf4 Bb7 17. Nb1 g6 18. Qh4 Bxf3 19. gxf3 Nc6 20. Re1 Bg7 21. Nd2 Nxe5 22. Bxe5 Bxe5 23. Nc4 Bg7 24. Kg2 Qd5 25. b3 Qf5 26. Re4 Bf6 27. Qg4 h5 28. Qxf5 gxf5 29. Rxe8+ Rxe8 30. Kf1 d3 31. Rd1 dxc2 32. Rc1 Kg7 33. Rxc2 Bd4 34. Nb2 Bxb2 35. Rxb2 Rb8 36. Rc2 Rb5 37. Rc4 Kf6 38. Ke2 Ke5 39. Kd3 f6 40. Ke3 c6 41. Kd3 f4 42. Kc3 Kf5 43. h4 Ke5 44. a4 Ra5 45. Re4+ Kf5 46. Kc4 Ra6 47. Kxc5 Rb6 48. b4 Rb8 49. a5 Rd8 50. Kxc6 Rd3 51. b5 Rxf3 52. Rb4 Rxf2 53. Kb7 Ra2 54. a6 f3 55. Rb1 f2 56. Rf1 Rb2 57. Rxf2+ Rxf2 58. Kxa7 Rb2 59. b6 Kg4 60. b7 1-0

[Event "Cellavision Cup 2018"]
[Site "Lund"]
[Date "2018.08.05"]
[Round "7"]
[White "Cramling, Pia"]
[Black "Gritsak, Orest"]
[Result "1-0"]
[ECO "A04"]
[WhiteElo "2453"]
[BlackElo "2464"]
[Annotator "RC"]
[PlyCount "67"]
[EventDate "2018.08.03"]
[EventType "swiss"]
[EventCountry "SWE"]
[SourceTitle "playchess.com"]
[Source "ChessBase"]
[SourceQuality "1"]
[TimeControl "5400+30"]

1. Nf3 c5 2. c4 Nf6 3. Nc3 e6 4. g3 b6 5. Bg2 Bb7 6. O-O d6 7. d4 cxd4 8. Qxd4 a6 9. Rd1 Nbd7 10. Bg5 Be7 11. Qd2 O-O 12. Bf4 Ne8 13. Rac1 Rc8 14. b3 Rc7 15. Ne1 Bxg2 16. Nxg2 Rc6 17. e4 Nef6 18. Qe2 Re8 19. Ne1 Qa8 20. Nd3 Nc5 21. Nxc5 bxc5 22. Rd3 Rd8 23. Rcd1 Ne8 24. e5 dxe5 25. Rxd8 Bxd8 26. Bxe5 Nf6 27. Ne4 Be7 28. Nxf6+ gxf6 29. Bc3 Qb7 30. Qg4+ Kh8 31. Qh5 Kg8 32. Qh4 e5 33. Qg4+ Kf8 34. Bd2 1-0

[Event "Cellavision Cup 2018"]
[Site "Lund"]
[Date "2018.08.05"]
[Round "7"]
[White "Ahlander, Bjorn"]
[Black "Strange, Mikkel"]
[Result "1-0"]
[ECO "D34"]
[WhiteElo "2433"]
[BlackElo "2370"]
[Annotator "NA"]
[PlyCount "121"]
[EventDate "2018.08.03"]
[EventType "swiss"]
[EventCountry "SWE"]
[SourceTitle "playchess.com"]
[Source "ChessBase"]
[SourceQuality "1"]
[TimeControl "5400+30"]

1. d4 d5 2. c4 e6 3. Nc3 c5 4. cxd5 exd5 5. Nf3 Nc6 6. g3 Nf6 7. Bg2 Be7 8. O-O O-O 9. dxc5 Bxc5 10. b3 Be6 11. Bb2 Qd7 12. Rc1 {[%emt 0:04:15] D34: Tarrasch Defence: 6 g3 Nf6 7 Bg2 Be7} Be7 13. Ng5 $146 ({Predecessor:} 13. Na4 b6 14. Nd4 Rac8 15. Nxc6 Rxc6 16. Rxc6 Qxc6 17. Qd4 Qd7 18. Rd1 Rd8 19. e3 Bh3 {1-0 (57) Polishchuk,O (2228)-Ivanov,P Odessa 2008}) 13... Rad8 14. Nxe6 Qxe6 15. Nb5 Ne4 16. Nd4 Nxd4 17. Bxd4 Bf6 18. Qd3 Bxd4 19. Qxd4 Qa6 20. Rc2 Nf6 21. Rfc1 h6 22. e3 Rd7 23. a4 Rd6 24. Rc5 Rfd8 25. Bf1 Qb6 $16 26. b4 a6 27. a5 Qa7 28. Bd3 g6 29. Kg2 Kg7 30. h3 R8d7 31. g4 Rd8 32. h4 Kg8 33. g5 hxg5 34. hxg5 Nh5 35. Be2 b5 36. Bxh5 gxh5 37. Rh1 Qe7 38. Rxh5 Qe4+ 39. Qxe4 dxe4 40. Re5 Re6 41. Rxe6 fxe6 42. Rh4 Rd5 43. Rg4 Kg7 44. g6 Rf5 45. Rxe4 Rg5+ 46. Kf3 Rf5+ 47. Rf4 Rh5 48. Rg4 Rf5+ 49. Ke2 Rd5 50. Rd4 Rh5 51. Rd6 e5 52. Rxa6 Rh4 53. Re6 Rxb4 54. Rxe5 Kxg6 55. f4 Rb1 56. Kd3 b4 57. Rb5 b3 58. a6 b2 59. Ke4 Kf6 60. Rb6+ Ke7 61. a7 1-0

[Event "Cellavision Cup 2018"]
[Site "Lund"]
[Date "2018.08.05"]
[Round "7"]
[White "Hansen, Torbjorn Ringdal"]
[Black "Dragicevic, Drazen"]
[Result "1/2-1/2"]
[ECO "B34"]
[WhiteElo "2422"]
[BlackElo "2339"]
[Annotator "NA"]
[PlyCount "221"]
[EventDate "2018.08.03"]
[EventType "swiss"]
[EventCountry "SWE"]
[SourceTitle "playchess.com"]
[Source "ChessBase"]
[SourceQuality "1"]
[TimeControl "5400+30"]

1. e4 c5 2. Nf3 Nc6 3. d4 cxd4 4. Nxd4 Nf6 5. Nc3 e5 6. Ndb5 d6 7. Nd5 Nxd5 8. exd5 Nb8 9. c4 a6 10. Nc3 Be7 11. Be2 {[%emt 0:00:16] B33: Sicilian: Pelikan and Sveshnikov Variations} O-O 12. O-O g5 (12... f5 13. Rb1 Nd7 14. b4 Bg5 15. Bxg5 Qxg5 16. c5 dxc5 17. d6 cxb4 18. Nd5 Rb8 19. f4 Qh6 20. Ne7+ Kh8 21. Rb3 exf4 {0-1 (38) Shyam,N (2401)-Mozharov,M (2558) Bhubaneswar 2018}) 13. a4 $146 ({Predecessor:} 13. Kh1 f5 14. g3 Kh8 15. f4 Nd7 16. Qc2 gxf4 17. gxf4 Rg8 18. Qxf5 Nf6 19. Qd3 b5 20. cxb5 axb5 21. b4 Qf8 22. Bf3 Bh3 23. Rf2 Qg7 24. Bb2 {1-0 (24) Castano,D (2234)-Hernandez Fierro,R (2215) Cali 2002}) 13... a5 14. c5 dxc5 15. Nb5 Ra6 16. Ra3 Rg6 17. Re1 Bd6 18. Rg3 h6 {[%emt 0:02:52] [#]} 19. Bh5 ({White should play} 19. Re3 $1 $16) 19... Rg7 $1 20. Bd2 b6 21. Bc3 f6 22. Bg4 Bxg4 23. Qxg4 Qd7 24. Qe2 Be7 25. Qc4 Bd8 26. h4 Rff7 27. h5 Na6 28. d6 Nb8 29. Rge3 Nc6 30. Qd5 Qb7 31. Qc4 Qd7 32. Kf1 Kh8 33. b3 Rf8 34. f3 Qf7 35. Qe4 Nb8 36. g4 Nd7 37. Kg2 Kg8 38. Bb2 Kh8 39. Na3 Kg8 40. Nc4 Re8 41. Qc6 Rf8 42. Rd3 Kh8 43. Ne3 Nb8 44. Qe4 Qb7 45. Qc4 Qf7 46. Qc1 Nd7 47. Nf5 Rh7 48. Qc2 Qe6 49. Re4 Rff7 50. Qe2 Nf8 51. Rde3 Qd7 52. Kg3 Kg8 53. Qc4 Qe6 54. Qd3 Qd7 55. Qd5 Qe6 56. Qa8 Qd7 57. Qa6 Ne6 58. Re1 Nf4 59. Qa8 Rf8 60. Rxf4 gxf4+ 61. Kg2 Qb7 62. Nxh6+ Kh8 63. Qxb7 Rxb7 64. g5 fxg5 65. Ng4 Kh7 66. Bxe5 Re8 67. Rc1 Re6 68. Kf1 Rf7 69. Rc4 Kg8 70. Re4 Rh7 71. h6 Kf7 72. Ke2 (72. Bg7 $17) 72... Rexh6 73. Nxh6+ Rxh6 74. Kd3 Rh3 75. Kc4 Rxf3 76. Kd5 Re3 77. Rc4 Rd3+ 78. Ke4 Rxb3 79. Kf5 Rh3 80. Rc2 Rh1 81. Re2 Rh6 82. d7 f3 83. Rd2 Rh4 84. Bg3 Rd4 85. Rh2 $1 Rd5+ 86. Ke4 Rd4+ $2 (86... Rxd7 $19 87. Rh7+ Ke6 88. Rh6+ Bf6 89. Kxf3 Rd3+ 90. Kg4 Rd4+ 91. Kf3 Rxa4) 87. Kf5 $19 Bf6 88. Rh7+ Kg8 89. Rh6 Rxd7 90. Rxf6 Rf7 91. Rxf7 Kxf7 92. Ke4 Ke6 93. Kxf3 Kd5 94. Bc7 Kc4 95. Bxb6 Kb4 96. Bd8 Kxa4 97. Bxg5 Kb3 98. Ke2 Kc2 99. Be7 c4 100. Bd6 a4 101. Be7 c3 102. Bd6 Kb1 103. Ba3 Kc2 104. Bd6 Kb2 105. Kd3 c2 106. Ba3+ Kxa3 107. Kxc2 Ka2 108. Kc1 a3 109. Kc2 Ka1 110. Kc1 a2 111. Kc2 1/2-1/2

[Event "Cellavision Cup 2018"]
[Site "Lund"]
[Date "2018.08.05"]
[Round "7"]
[White "Hoi, Carsten"]
[Black "Bogo, Soren"]
[Result "1-0"]
[ECO "D52"]
[WhiteElo "2380"]
[BlackElo "2238"]
[Annotator "NA"]
[PlyCount "89"]
[EventDate "2018.08.03"]
[EventType "swiss"]
[EventCountry "SWE"]
[SourceTitle "playchess.com"]
[Source "ChessBase"]
[SourceQuality "1"]
[TimeControl "5400+30"]

1. d4 d5 2. Nf3 Nf6 3. c4 e6 4. Bg5 Nbd7 5. Nc3 c6 6. e3 Qa5 7. Nd2 Bb4 8. Qc2 O-O 9. Be2 e5 10. O-O exd4 11. Nb3 Qb6 12. exd4 dxc4 13. Bxc4 a5 14. a4 Qd8 15. Rfe1 Nb6 16. Bd3 h6 17. Bh4 Be6 18. Rad1 Bxb3 19. Qxb3 Nbd5 20. Bc4 Qd7 21. Bxd5 Nxd5 22. Nxd5 Qxd5 23. Qxd5 cxd5 24. Re5 g5 25. Bg3 Rad8 26. Kf1 f6 27. Re6 Kf7 28. Rb6 Rd7 29. Ke2 Re8+ 30. Kd3 Re1 31. Rxe1 Bxe1 32. f3 Bb4 33. h4 Kg6 34. h5+ Kf5 35. Bf2 g4 36. Be3 gxf3 37. gxf3 Rg7 38. Bxh6 Rh7 39. Bd2 Bxd2 40. Kxd2 Rxh5 41. Ke3 Rh2 42. Rxb7 Ke6 43. Rb6+ Ke7 44. Rb5 Ke6 45. b3 1-0

[Event "Cellavision Cup 2018"]
[Site "Lund"]
[Date "2018.08.05"]
[Round "7"]
[White "Kristensen, Kaare Hove"]
[Black "Himanshu, Sharma"]
[Result "0-1"]
[ECO "B48"]
[WhiteElo "2342"]
[BlackElo "2436"]
[Annotator "NA"]
[PlyCount "51"]
[EventDate "2018.08.03"]
[EventType "swiss"]
[EventCountry "SWE"]
[SourceTitle "playchess.com"]
[Source "ChessBase"]
[SourceQuality "1"]
[TimeControl "5400+30"]

1. e4 c5 2. Nf3 Nc6 3. d4 cxd4 4. Nxd4 e6 5. Nc3 Qc7 6. Be3 a6 7. f4 b5 8. Bd3 Bb7 9. Qf3 Nf6 10. O-O-O Bc5 11. Nxc6 Qxc6 12. Bxc5 Qxc5 13. g4 b4 14. Ne2 d5 15. e5 Ne4 16. Rhf1 O-O 17. Ng3 $14 Rac8 18. Qe2 Qa5 19. Kb1 Nc3+ 20. bxc3 bxc3 21. Ka1 Rc5 22. Rb1 Qa4 23. Rxb7 Ra5 24. Rb2 cxb2+ 25. Kxb2 Qa3+ 26. Ka1 0-1

[Event "Cellavision Cup 2018"]
[Site "Lund"]
[Date "2018.08.05"]
[Round "7"]
[White "Jogstad, Martin"]
[Black "Johansson, Linus"]
[Result "0-1"]
[ECO "A62"]
[WhiteElo "2312"]
[BlackElo "2457"]
[Annotator "ChessBase"]
[PlyCount "116"]
[EventDate "2018.08.03"]
[EventType "swiss"]
[EventCountry "SWE"]
[SourceTitle "playchess.com"]
[Source "ChessBase"]
[SourceQuality "1"]
[TimeControl "5400+30"]

1. d4 Nf6 2. c4 e6 3. g3 c5 4. d5 exd5 5. cxd5 d6 6. Nc3 g6 7. Bg2 Bg7 8. Nf3 O-O 9. O-O Re8 10. Bf4 Na6 11. Nd2 Nh5 12. Be3 Rxe3 13. fxe3 Qe7 14. Nc4 Bxc3 15. bxc3 b5 16. Na3 Bd7 17. Nc2 Rb8 18. Qd3 Nc7 19. a4 bxa4 20. Rfb1 Rb6 21. Na3 Nf6 22. Nc4 Rxb1+ 23. Qxb1 Bb5 24. Nb2 Qxe3+ 25. Kh1 Qxc3 26. Nxa4 Qe3 27. Nb2 a6 28. Nd1 Qd2 29. Nf2 Qxe2 30. Qe1 Kf8 31. Qa5 Ncxd5 32. Qd8+ Kg7 33. Nh3 Qe5 34. Rd1 c4 35. Nf4 Nxf4 36. gxf4 Qxf4 37. Qxd6 Qxd6 38. Rxd6 c3 39. Rd1 c2 40. Rc1 Bd3 41. Bf1 Bxf1 42. Rxf1 Nd5 43. Rc1 Nb4 44. Kg1 Kf6 45. Kf1 Ke5 46. Ke2 Kd4 47. Kd2 Kc4 48. Rf1 f5 49. Rf3 a5 50. Rc3+ Kb5 51. Rc7 Ka4 52. Rc3 f4 53. Rf3 g5 54. Kc1 Kb5 55. Rh3 Kc4 56. Kb2 f3 57. Rxh7 Kd3 58. h4 Kd2 0-1

[Event "Cellavision Cup 2018"]
[Site "Lund"]
[Date "2018.08.05"]
[Round "7"]
[White "Malmstig, Erik"]
[Black "Jepson, Christian"]
[Result "0-1"]
[ECO "B07"]
[WhiteElo "2308"]
[BlackElo "2415"]
[Annotator "NA"]
[PlyCount "97"]
[EventDate "2018.08.03"]
[EventType "swiss"]
[EventCountry "SWE"]
[SourceTitle "playchess.com"]
[Source "ChessBase"]
[SourceQuality "1"]
[TimeControl "5400+30"]

1. e4 d6 2. d4 Nf6 3. Nc3 g6 4. Be3 c6 5. Qd2 Nbd7 6. h3 b5 7. Bd3 e5 8. f4 exd4 9. Bxd4 b4 10. Nce2 c5 11. Bf2 Bb7 12. Bh4 Be7 13. O-O-O Nxe4 14. Bxe4 Bxe4 15. Ng3 d5 16. Nxe4 dxe4 17. Bg5 Bxg5 18. fxg5 Qe7 19. Nf3 O-O-O 20. Qe3 Nb6 21. Nd2 Rhe8 22. Nb3 Qe5 23. Rxd8+ Kxd8 24. Nxc5 Kc8 25. h4 Qxb2+ 26. Kxb2 Nc4+ 27. Kb3 Nxe3 28. Re1 Nxg2 29. Rxe4 Rxe4 30. Nxe4 Nxh4 31. Nd6+ Kd7 32. Nxf7 Nf3 33. Kxb4 Ke7 34. Nh6 Nxg5 35. Kc5 Nf7 36. Ng4 Ke6 37. Kd4 h5 38. Nf2 g5 39. c4 Kf5 40. c5 Nd8 41. Kd5 g4 42. a4 g3 43. Nd1 h4 44. Ne3+ Kf4 45. Ng2+ Kg5 46. Ne1 h3 47. Ke4 h2 48. Nf3+ Kf6 49. Kd4 {Ke5+} 0-1

[Event "Cellavision Cup 2018"]
[Site "Lund"]
[Date "2018.08.05"]
[Round "7"]
[White "Vernersson, Per"]
[Black "Sjodahl, Pontus"]
[Result "1/2-1/2"]
[ECO "E49"]
[WhiteElo "2290"]
[BlackElo "2404"]
[Annotator "NA"]
[PlyCount "108"]
[EventDate "2018.08.03"]
[EventType "swiss"]
[EventCountry "SWE"]
[SourceTitle "playchess.com"]
[Source "ChessBase"]
[SourceQuality "1"]
[TimeControl "5400+30"]

1. d4 Nf6 2. c4 e6 3. Nc3 Bb4 4. e3 O-O 5. Bd3 d5 6. a3 Bxc3+ 7. bxc3 c6 8. Ne2 b6 9. O-O Ba6 10. cxd5 Bxd3 11. Qxd3 cxd5 12. c4 Nc6 13. f3 dxc4 14. Qxc4 Na5 15. Qd3 Rc8 16. Bd2 Qd5 17. Bxa5 Qxa5 18. Rfc1 Rfd8 19. e4 Qa4 20. Kf2 h6 21. Rc3 Rxc3 22. Qxc3 Qd7 23. Rc1 Kf8 24. Qc7 Ne8 25. Qxd7 Rxd7 26. Ke3 Rc7 27. Rxc7 Nxc7 28. Nc3 Ke7 29. h4 Kd6 30. g4 Kc6 31. Kd3 b5 32. Ne2 a5 33. Kc3 Ne8 34. h5 Nd6 35. Nf4 Nc4 36. a4 Nb6 37. axb5+ Kxb5 38. Nd3 Nc8 39. Ne5 Nd6 40. Kb3 f5 41. exf5 exf5 42. Nd3 a4+ 43. Kc3 fxg4 44. fxg4 Ne4+ 45. Kb2 Kc4 46. Nf4 Kxd4 47. Ne6+ Kc4 48. Ka3 Kb5 49. Nxg7 Nf6 50. Nf5 Nxg4 51. Nd4+ Ka5 52. Nf5 Kb5 53. Nd4+ Ka5 54. Nf5 Kb5 1/2-1/2

[Event "Cellavision Cup 2018"]
[Site "Lund"]
[Date "2018.08.05"]
[Round "8"]
[White "Seo, Jung Min"]
[Black "Kucuksari, Kaan"]
[Result "1/2-1/2"]
[ECO "D45"]
[WhiteElo "2356"]
[BlackElo "2329"]
[Annotator "NA"]
[PlyCount "128"]
[EventDate "2018.08.03"]
[EventType "swiss"]
[EventCountry "SWE"]
[SourceTitle "playchess.com"]
[Source "ChessBase"]
[SourceQuality "1"]
[TimeControl "5400+30"]

1. d4 Nf6 2. c4 e6 3. Nf3 d5 4. Nc3 c6 5. e3 Nbd7 6. b3 Bd6 7. Be2 Qe7 8. O-O O-O 9. Bb2 b6 10. Qc2 Bb7 11. Rac1 Rac8 12. Rfd1 Rfe8 13. e4 {[%emt 0:12:49] D45: Semi-Slav: 5 e3} (13. Bf1 a6 14. g3 c5 15. cxd5 Nxd5 16. Nxd5 Bxd5 17. e4 Bb7 18. d5 exd5 19. exd5 Ne5 20. Bg2 Nxf3+ 21. Bxf3 Rcd8 {½-½ (21) Hirneise,T (2459)-Gozzoli,Y (2569) Germany 2017}) 13... e5 $146 ({Predecessor:} 13... dxe4 14. Nxe4 Bf4 15. Rb1 c5 16. Bd3 cxd4 17. g3 Bb8 18. Nxd4 Ng4 19. Nd2 f5 20. Re1 Nde5 {1-0 (86) Guevara Castillo,F (2339)-Peli,G (2401) ICCF email 2008}) 14. dxe5 Nxe5 15. Nd4 Bc5 16. exd5 cxd5 17. cxd5 Nxd5 18. Nxd5 Bxd5 19. b4 $15 Bxd4 20. Qxc8 Bxb2 21. Bb5 Rf8 22. Rxd5 Qg5 23. Rdd1 h6 24. Qc7 Bxc1 25. Rxc1 Nf3+ 26. Kh1 Qxb5 27. gxf3 Qe2 28. Kg2 Qxa2 29. Rd1 Qa4 30. Rd4 Re8 31. Rd8 Rxd8 32. Qxd8+ Kh7 33. Qd3+ g6 34. Qd5 Kg8 35. Qd8+ Kg7 36. Qd4+ Kf8 37. Qh8+ Ke7 38. Qe5+ Kd8 39. Qd6+ Ke8 40. Qe5+ Kd8 41. Qd6+ Qd7 42. Qb8+ Ke7 43. Qe5+ Qe6 44. Qc7+ Kf6 45. Qxa7 Ke5 46. Qc7+ Kd4 47. b5 h5 48. Qc6 g5 49. h3 Qg6 50. Kg1 Ke5 51. Qc7+ Kd5 52. Kg2 Kd4 53. Qc6 Ke5 54. Qc3+ Kd5 55. Qc7 Qf6 56. Kg1 h4 57. Kg2 Qg6 58. Qc1 Qf6 59. Qc7 Qe6 60. Qc1 f6 61. Qc7 Qd6 62. Qc3 Qc5 63. Qxf6 Kc4 64. f4 Qd5+ 1/2-1/2

[Event "Cellavision Cup 2018"]
[Site "Lund"]
[Date "2018.08.05"]
[Round "8"]
[White "Bellon Lopez, Juan Manuel"]
[Black "Vernersson, Per"]
[Result "1/2-1/2"]
[ECO "D00"]
[WhiteElo "2342"]
[BlackElo "2290"]
[Annotator "NA"]
[PlyCount "112"]
[EventDate "2018.08.03"]
[EventType "swiss"]
[EventCountry "SWE"]
[SourceTitle "playchess.com"]
[Source "ChessBase"]
[SourceQuality "1"]
[TimeControl "5400+30"]

1. d4 d5 2. Bf4 Nf6 3. e3 e6 4. Nd2 Bd6 5. Bg3 {[%emt 0:00:20] D00: 1 d4 d5: Unusual lines} (5. Ngf3 O-O 6. Bd3 c5 7. c3 Nc6 8. Bg3 b6 9. e4 Be7 10. e5 Nh5 11. Nf1 cxd4 12. Nxd4 Nxd4 13. cxd4 g6 14. Ne3 f5 15. exf6 Bxf6 16. Be2 Nxg3 17. hxg3 {½-½ (37) Nakamura,H (2787)-Svidler,P (2760) Moscow 2018}) 5... Qe7 6. Ngf3 Nbd7 7. Ne5 O-O 8. Bd3 Ne8 9. c3 $146 ({Predecessor:} 9. Qh5 g6 10. Qh6 f6 11. Nxd7 Bxd7 12. f4 Qg7 13. Qh4 g5 14. fxg5 fxg5 {0-1 (46) Brok,J (2073)-Markiewicz,J (2287) Warszawa 2017}) 9... f5 10. f4 Nef6 11. Bh4 Qe8 12. Nxd7 Bxd7 13. Bxf6 Rxf6 14. Nf3 Bb5 15. a4 Bxd3 16. Qxd3 c5 17. Qb5 Rf7 18. dxc5 Qxb5 19. axb5 Bxc5 20. Ne5 Re7 21. Kd2 Rc8 22. Rhc1 Bb6 $11 23. Nf3 Rc5 24. Nd4 g6 25. b4 Rc4 26. Nf3 Kg7 27. Kd3 Kf6 28. g3 Rc8 29. h4 h5 30. Ne5 Rec7 31. Ra3 Kg7 32. Rc2 Kf6 33. c4 dxc4+ 34. Rxc4 Rxc4 35. Nxc4 Rd8+ 36. Kc3 Rd5 37. Nxb6 axb6 38. Ra7 Rd7 39. Ra8 e5 40. Rf8+ Ke7 41. Rg8 Kf7 42. Rh8 Kf6 43. Rc8 e4 44. Kc4 Ke6 45. Re8+ Kf6 46. Re5 Rc7+ 47. Kd4 Rc1 48. Re8 Rd1+ 49. Kc4 Rd7 50. Rh8 Rc7+ 51. Kb3 Rd7 52. Rc8 Rd3+ 53. Rc3 Rxc3+ 54. Kxc3 Ke6 55. Kc4 Kd6 56. Kd4 Ke6 {[%emt 0:00:05] Kxe4 Ke5+} 1/2-1/2

[Event "Cellavision Cup 2018"]
[Site "Lund"]
[Date "2018.08.05"]
[Round "8"]
[White "Dragicevic, Drazen"]
[Black "Kiese, Matthias"]
[Result "1/2-1/2"]
[ECO "A05"]
[WhiteElo "2339"]
[BlackElo "2194"]
[Annotator "NA"]
[PlyCount "166"]
[EventDate "2018.08.03"]
[EventType "swiss"]
[EventCountry "SWE"]
[SourceTitle "playchess.com"]
[Source "ChessBase"]
[SourceQuality "1"]
[TimeControl "5400+30"]

1. Nf3 Nf6 2. g3 d5 3. Bg2 Bf5 4. O-O e6 5. c4 c6 6. Qb3 Qb6 7. d3 h6 8. Be3 Qxb3 9. axb3 a6 10. Bd2 Nbd7 11. b4 Be7 12. b5 cxb5 $14 13. cxd5 exd5 14. Nd4 Be6 15. Nxb5 O-O 16. Nd4 Rfc8 17. h3 Ne5 18. Na3 Nc6 19. Nac2 Nxd4 20. Nxd4 Kf8 21. f4 Bc5 22. Be3 Bd7 23. Rfc1 Ba7 24. Rxc8+ Rxc8 25. Kf1 h5 26. Ne6+ fxe6 27. Bxa7 Ke7 28. Bd4 g6 29. Kf2 Bb5 30. Bf3 Rc2 31. Ke1 Rc8 32. Kd2 Nd7 33. Ra3 Nb8 34. g4 hxg4 35. hxg4 Nc6 36. Bc5+ Kf7 37. Rc3 Rh8 38. Bb6 Rh2 39. Rc1 Ke7 40. Bg1 Rh3 41. Bc5+ Kf7 42. Ke3 Rh2 43. Rg1 Kf6 44. Kd2 Kf7 45. Ke3 Kf6 46. Bd4+ Kf7 47. Bc3 Ne7 48. Kd4 Nc6+ 49. Kc5 Ne7 50. Kb6 Bc6 51. Be5 d4 52. Bxc6 Nxc6 53. Re1 Nxe5 54. fxe5 Rg2 55. Kxb7 a5 56. Kb6 a4 57. Kb5 Rxg4 58. Kxa4 Rg5 59. b4 Rxe5 60. b5 Ke7 61. Ka5 Kd7 62. Ka6 Kc7 63. b6+ Kb8 64. Rh1 Rh5 65. Rg1 g5 66. Rf1 Rh8 67. Rf7 Rg8 68. Rb7+ Ka8 69. Ra7+ Kb8 70. b7 Kc7 71. Ra8 Rb8 72. Kb5 Rxb7+ 73. Kc5 Rb2 74. Ra7+ Kd8 75. Kd6 Ke8 76. Rg7 Rxe2 77. Rxg5 Kf7 78. Rg4 e5 79. Kd5 Kf6 80. Rg8 Re3 81. Rf8+ Kg6 82. Re8 Kf6 83. Rf8+ Kg6 {Kxe5} 1/2-1/2

[Event "Cellavision Cup 2018"]
[Site "Lund"]
[Date "2018.08.05"]
[Round "8"]
[White "Ronneland, Daniel"]
[Black "Sjodahl, Pontus"]
[Result "0-1"]
[ECO "D38"]
[WhiteElo "2206"]
[BlackElo "2404"]
[Annotator "NA"]
[PlyCount "120"]
[EventDate "2018.08.03"]
[EventType "swiss"]
[EventCountry "SWE"]
[SourceTitle "playchess.com"]
[Source "ChessBase"]
[SourceQuality "1"]
[TimeControl "5400+30"]

1. d4 Nf6 2. c4 e6 3. Nf3 d5 4. Nc3 Bb4 5. Qa4+ Nc6 6. e3 O-O 7. Bd2 a6 8. a3 Bd6 9. c5 Be7 10. b4 Ne4 11. b5 Nb8 12. Nxe4 dxe4 13. Ne5 Nd7 14. c6 Nb6 15. Qb3 (15. Qc2 $16) 15... Bd6 $11 16. Bb4 Nd5 17. cxb7 Bxb7 18. bxa6 Bxa6 19. Bxa6 Rxa6 20. O-O Qa8 21. Rab1 Nxb4 22. axb4 Rb8 23. Qc2 Qd5 24. Nd7 Bxh2+ 25. Kxh2 Qxd7 26. Qxe4 Qd6+ 27. Qe5 Rab6 28. Rfc1 Rb5 29. Qxd6 cxd6 30. Rc7 g6 31. Ra1 Rxb4 32. Raa7 Rf8 33. Rd7 d5 34. g4 h6 35. Kg3 Kg7 36. Re7 Kf6 37. f4 Rb3 38. Kf3 Rb1 39. Red7 Rb6 40. Rac7 g5 41. fxg5+ hxg5 42. Ra7 Rc6 43. Rab7 Ra6 44. Rbc7 Ra1 45. Rb7 Rg1 46. Rdc7 Kg6 47. Rd7 Rh8 48. Ke2 Rh2+ 49. Kd3 Rf2 50. Rb6 Rf6 51. Rb8 Kg7 52. Rdd8 Rg6 53. Rg8+ Kf6 54. Rgf8 Rxg4 55. Rb7 Rg7 56. Ke2 Rh4 57. Kf3 g4+ 58. Kg2 Rh3 59. Kf2 g3+ 60. Kg1 g2 0-1

[Event "Cellavision Cup 2018"]
[Site "Lund"]
[Date "2018.08.05"]
[Round "8"]
[White "Wengholm, Anders"]
[Black "Kristiansen, Jens"]
[Result "0-1"]
[ECO "E95"]
[WhiteElo "2203"]
[BlackElo "2366"]
[Annotator "NA"]
[PlyCount "66"]
[EventDate "2018.08.03"]
[EventType "swiss"]
[EventCountry "SWE"]
[SourceTitle "playchess.com"]
[Source "ChessBase"]
[SourceQuality "1"]
[TimeControl "5400+30"]

1. Nf3 g6 2. c4 Bg7 3. Nc3 d6 4. d4 Nd7 5. e4 e5 6. Be2 Ngf6 7. O-O O-O 8. Re1 c6 9. Bf1 exd4 10. Nxd4 Re8 11. Bg5 h6 12. Bh4 Nc5 13. Nb3 Qb6 14. Nxc5 Qxc5 15. Qd2 Nh5 16. Na4 $15 Qd4 17. Qe2 f5 18. Rad1 Qe5 19. exf5 Bxf5 20. Qd2 Qf4 21. Rxe8+ Rxe8 22. Qxf4 Nxf4 23. Rxd6 Re1 24. f3 Rc1 25. Kf2 Rc2+ 26. Ke3 Nxg2+ 27. Bxg2 Rxc4 28. Bf6 Bxf6 29. Rxf6 Rxa4 30. a3 Rc4 31. Bf1 Rc2 32. Kd4 Kg7 33. Rd6 Rxb2 0-1